 Dungeon Crawl Stone Soup version 0.30-a0-1053-gbd8d5ba0ad (webtiles) character file.

Game seed: 16713604797293149428

21796 qeuew the Nimble (level 12, -1/99 HPs)
             Began as a Merfolk Gladiator on Apr 11, 2023.
             Was an Initiate of Gozag.
             Shot with an arrow by Nessos (2 damage)
             ... on level 5 of the Lair of Beasts.
             The game lasted 00:21:48 (16551 turns).

qeuew the Nimble (Merfolk Gladiator)               Turns: 16551, Time: 00:21:49

Health: -1/99      AC: 12    Str: 14    XL:     12   Next: 93%
Magic:  12/12      EV: 24    Int:  8    God:    Gozag
Gold:   1300       SH:  0    Dex: 20    Spells: 11/11 levels left

rFire   + . .      SeeInvis .    o - +6 falchion
rCold   + . .      Faith    .    m - orb {light}
rNeg    . . .      Spirit   .    s - +2 ring mail {rF+}
rPois   .          Reflect  .    (helmet restricted)
rElec   .          Rampage  .    (no cloak)
rCorr   .                        (no gloves)
Will    .....                    A - +1 pair of boots
Stlth   +                        (no amulet)
HPRegen 0.36/turn                h - +5 ring of evasion
MPRegen 0.13/turn                p - ring of protection from cold

@: lethally poisoned (-1 -> -45), glowing, studying Throwing
A: (nimble swimmer 2), mertail, horns 1, iridescent scales 1, camouflage 1,
evolution 1
a: Renounce Religion, Potion Petition, Call Merchant, Bribe Branch


You were on level 5 of the Lair of Beasts.
You worshipped Gozag.
Gozag was most pleased with you.
You visited 2 branches of the dungeon, and saw 15 of its levels.

You collected 2398 gold pieces.
You paid 1098 gold pieces to Gozag.

Inventory:

Hand Weapons
 b - the +1 scimitar of Doroahox {venom, Will++ MP+9 Int+6}
   (You acquired it on level 6 of the Dungeon)

   Int:       It affects your intelligence (+6).
   MP:        It affects your magic capacity (+9).
   Will:      It greatly increases your willpower.
 o - a +6 falchion (weapon)
Missiles
 d - 4 throwing nets (quivered)
 e - 5 javelins
Armour
 c - a +0 helmet
 m - an orb of light (worn)
 s - a +2 ring mail of fire resistance (worn)
 A - a +1 pair of boots (worn)
Jewellery
 h - a +5 ring of evasion (left hand)
 p - a ring of protection from cold (right hand)
 B - a ring of fire
Wands
 a - a wand of charming (14)
 f - a wand of polymorph (14)
 j - a wand of roots (12)
 q - a wand of flame (32)
 w - a wand of light (14)
Scrolls
 i - 2 scrolls of enchant armour
 v - a scroll of butterflies
 x - a scroll of enchant weapon
 y - 2 scrolls of fog
 z - 2 scrolls of amnesia
Potions
 g - 2 potions of berserk rage
 k - a potion of brilliance
 l - a potion of ambrosia
 n - 2 potions of magic
 r - a potion of curing
 t - 2 potions of might
 u - 3 potions of haste
 E - a potion of heal wounds
Miscellaneous
 C - a phial of floods (inert)
 D - a phantom mirror


   Skills:
 * Level 10.9 Fighting
 * Level 12.2 Long Blades
 * Level 12.5 Throwing
 + Level 5.1 Armour
 * Level 13.1 Dodging
 + Level 5.5 Evocations


You had 11 spell levels left.
You didn't know any spells.
Your spell library contained the following spells:

 Spells                   Type           Power      Damage    Failure   Level
 Beastly Appendage        Tmut           0%         N/A       63%         1
 Shock                    Conj/Air       0%         1d3       63%         1
 Summon Small Mammal      Summ           0%         N/A       63%         1
 Blink                    Tloc           0%         N/A       77%         2
 Ensorcelled Hibernation  Hex/Ice        0%         N/A       77%         2
 Poisonous Vapours        Pois/Air       0%         N/A       77%         2
 Wereblood                Tmut           0%         N/A       77%         2
 Frozen Ramparts          Ice            0%         1d1       94%         3
 Mephitic Cloud           Conj/Pois/Air  0%         N/A       94%         3
 Spider Form              Tmut/Pois      0%         N/A       94%         3
 Swiftness                Air            0%         N/A       94%         3
 Vampiric Draining        Necr           0%         2d6       94%         3
 Airstrike                Air            0%         2d(0-16)  100%        4
 Anguish                  Hex/Necr       0%         N/A       100%        4
 Ice Form                 Ice/Tmut       0%         N/A       100%        4
 Manifold Assault         Tloc           0%         N/A       100%        4
 Petrify                  Tmut/Erth      0%         N/A       100%        4
 Summon Ice Beast         Ice/Summ       0%         N/A       100%        4
 Agony                    Necr           0%         N/A       100%        5
 Borgnjor's Vile Clutch   Necr/Erth      0%         N/A       100%        5
 Freezing Cloud           Conj/Ice/Air   0%         6-21      100%        5
 Summon Mana Viper        Hex/Summ       0%         N/A       100%        5
 Death Channel            Necr           0%         N/A       100%        6
 Dragon Form              Tmut           0%         N/A       100%        7
 Storm Form               Tmut/Air       0%         N/A       100%        7
 Necromutation            Tmut/Necr      0%         N/A       100%        8
 Animate Dead             Necr           Unusable   N/A       N/A         4

Dungeon Overview and Level Annotations

Branches:
Dungeon (10/15)            Temple (0/1) D:4            Lair (5/5) D:10
  Swamp (0/4) Lair:2        Snake (0/4) Lair:3          Orc (0/2) D:10
  Slime: Lair:4-5

Altars:
Cheibriados
Gozag
Hepliaklqana
Okawaru
Trog
Uskayaw
Vehumet
Xom
Yredelemnul
The Shining One

Shops:
D:1 ?   D:4 *

Annotations:
D:8 2 transporters, Triskal's ghost, novice DsCA
Lair:5 Nessos


Innate Abilities, Weirdness & Mutations

((You are very nimble when in or above water. (Stealth+, EV+, Speed+++)))
Your lower body shifts to a powerful aquatic tail in water.
You have a pair of small horns on your head.
You are partially covered in iridescent scales. (AC +2)
Your skin changes colour to match your surroundings (Stealth+).
You have hidden genetic potential.


Message History

Nessos seems to speed up.
Nessos gestures wildly while chanting.
Nessos blinks!
Nessos shoots an arrow.
The arrow hits you! The arrow burns you.
You are poisoned.
Nessos casts a spell.
Nessos blinks!
You feel very sick.
Nessos casts a spell.
Nessos blinks!
Nessos shoots an arrow.
The arrow hits you! The arrow burns you.
You are more poisoned.
You feel very sick.
Nessos shoots an arrow.
The arrow misses you.
Nessos shoots an arrow.
The arrow hits you! The arrow burns you.
You are lethally poisoned!
Nessos shoots an arrow.
The arrow completely misses you.
You are too injured to fight recklessly!
You are too injured to fight recklessly!
You are too injured to fight recklessly!
You are too injured to fight recklessly!
You are too injured to fight recklessly!
You are too injured to fight recklessly!
You are too injured to fight recklessly!
You are too injured to fight recklessly!
Unknown command.
* * * LOW HITPOINT WARNING * * *
You feel extremely sick.
Nessos shoots an arrow.
The arrow barely misses you.
Nessos casts a spell.
Nessos blinks!
As you read the scroll of fog, it crumbles to dust.
The scroll dissolves into smoke.
* * * LOW HITPOINT WARNING * * *
You feel extremely sick.
Nessos shoots an arrow.
The arrow hits you!
* * * LOW HITPOINT WARNING * * *
The arrow burns you.
You are more poisoned.
You die...
Your body crumbles into a pile of gold.

~~~ ...#. ~~~~~~
..§.#. ≈~≈≈~~.
...... ~~~P~P~.#
#.?.... ≈~~~~...##
.......
P≈≈......##.......
~.P...~.......c...
........§§§.......
........§@§.......
##......§§........
#...............#.
#............#.#..
..................
.......<..........
....P........#....
..#....#.........
.....P###P.....


You could see Nessos (fast).

Vanquished Creatures
  A two-headed ogre (D:8)
  2 death yaks (Lair:4)
  6 elephants (Lair:4)
  Maurice (D:9)
  6 cane toads
  A torpor snail (Lair:4)
  A kobold demonologist (D:9)
  7 komodo dragons
  2 trolls
  A hornet (Lair:3)
  3 polar bears
  5 blink frogs (Lair:2)
  2 shadows (D:10)
  A wraith (D:8)
  17 yaks
  3 wyverns
  6 humans (D:9)
  A steam dragon (Lair:3)
  4 basilisks
  6 nagas (Lair:3)
  5 water moccasins
  7 orc warriors
  2 black bears
  An ice beast (D:6)
  A sky beast (D:8)
  4 centaurs
  11 wolves
  2 ogres
  2 phantoms
  3 scorpions
  6 bullfrogs
  A gnoll sergeant (D:8)
  9 wights
  4 killer bees (D:9)
  4 howler monkeys
  5 electric eels
  11 hounds
  5 jellies
  8 orc priests
  A gnoll bouda (D:9)
  5 iguanas
  Natasha (thrice) (D:4)
  2 sleepcaps
  7 orc wizards
  Robin (D:3)
  10 gnolls
  7 adders
  2 shadow imps (D:6)
  3 white imps (D:6)
  4 worms
  A dart slug (D:4)
  33 orcs
  6 ball pythons
  4 bats
  10 endoplasms
  7 giant cockroaches
  20 goblins
  8 hobgoblins
  2 quokkas (D:1)
  8 frilled lizards
  3 kobolds
  2 rats (D:1)
316 creatures vanquished.

Vanquished Creatures (others)
  13 fungi
  11 plants
  5 toadstools (D:1)
29 creatures vanquished.

Grand Total: 345 creatures vanquished

Notes
Turn   | Place    | Note
-------+----------+-------------------------------------------
     0 | D:1      | qeuew the Merfolk Gladiator began the quest for the Orb.
     0 | D:1      | Reached XP level 1. HP: 16/16 MP: 1/1
    66 | D:1      | Reached XP level 2. HP: 10/23 MP: 2/2
   277 | D:1      | Found Isotsuila's Magic Scroll Boutique.
   792 | D:2      | Reached XP level 3. HP: 26/28 MP: 3/3
  1277 | D:2      | Reached XP level 4. HP: 34/34 MP: 4/4
  1760 | D:3      | Noticed Robin
  1830 | D:3      | Killed Robin
  2413 | D:3      | Gained mutation: You expend magic power (3 MP) to
                  | strengthen your wands. [potion of mutation]
  2413 | D:3      | Gained mutation: You occasionally shout uncontrollably at
                  | your foes. [potion of mutation]
  2467 | D:4      | Reached XP level 5. HP: 41/41 MP: 5/5
  2479 | D:4      | Noticed Natasha
  2486 | D:4      | Killed Natasha
  2512 | D:4      | Reached skill level 5 in Dodging
  2650 | D:4      | Found a faded altar of an unknown god.
  2650 | D:4      | Found a snail-covered altar of Cheibriados.
  2657 | D:4      | Found a radiant altar of Vehumet.
  2659 | D:4      | Found a shimmering altar of Xom.
  2661 | D:4      | Found a faded altar of an unknown god.
  3210 | D:4      | Noticed Natasha
  3220 | D:4      | Killed Natasha
  3294 | D:4      | Found a staircase to the Ecumenical Temple.
  3310 | D:4      | Found Zufiq's Fire Supplies.
  3454 | D:4      | Noticed Natasha
  3465 | D:4      | Killed Natasha
  3599 | D:5      | Entered Level 5 of the Dungeon
  3614 | D:5      | Reached skill level 5 in Long Blades
  3614 | D:5      | Reached skill level 1 in Armour
  3614 | D:5      | Reached XP level 6. HP: 39/48 MP: 6/6
  3773 | D:5      | Reached XP level 7. HP: 24/54 MP: 7/7
  3775 | D:5      | Reached skill level 6 in Dodging
  4749 | D:6      | Reached XP level 8. HP: 56/61 MP: 8/8
  4765 | D:6      | Reached skill level 5 in Fighting
  4800 | D:6      | Identified the +0 leather armour "Udoigol" {+Inv Str+4
                  | SInv}
  4929 | D:6      | Reached skill level 7 in Dodging
  5106 | D:6      | Reached skill level 5 in Throwing
  5298 | D:6      | Got the Lectures on the Legion and Metamorphosis
  5772 | D:6      | Reached XP level 9. HP: 69/69 MP: 9/9
  5845 | D:6      | Identified a scroll of acquirement
  5845 | D:6      | Acquired the +1 scimitar of Doroahox {venom, Will++ MP+9
                  | Int+6}
  5931 | D:7      | Reached skill level 8 in Dodging
  6383 | D:7      | Reached skill level 1 in Evocations
  6993 | D:8      | Noticed a two-headed ogre
  7007 | D:8      | Killed a two-headed ogre
  7008 | D:8      | Reached skill level 9 in Dodging
  7008 | D:8      | Reached XP level 10. HP: 46/79 MP: 10/10
  7172 | D:8      | Found a transporter.
  7173 | D:8      | Found a transporter.
  7237 | D:8      | Noticed Triskal's ghost (novice DsCA)
  7374 | D:8      | Found a hide-covered altar of Uskayaw.
  7423 | D:9      | Noticed Maurice
  7815 | D:9      | Killed Maurice
  7938 | D:9      | Reached skill level 10 in Dodging
  7942 | D:9      | Noticed a kobold demonologist
  7960 | D:9      | Noticed a sixfirhy
  7963 | D:9      | Killed a kobold demonologist
  8506 | D:9      | Found a glowing golden altar of the Shining One.
  8509 | D:9      | Found an opulent altar of Gozag.
  8512 | D:9      | Found an iron altar of Okawaru.
  8520 | D:9      | Became a worshipper of Gozag Ym Sagoz the Greedy
  8563 | D:9      | Got the Anthology of the Damned
  8726 | D:9      | Reached XP level 11. HP: 75/87 MP: 11/11
  8898 | D:9      | Lost mutation: You expend magic power (3 MP) to strengthen
                  | your wands. [potion of mutation]
  8898 | D:9      | Lost mutation: You occasionally shout uncontrollably at
                  | your foes. [potion of mutation]
  8898 | D:9      | Gained mutation: Your skin changes colour to match your
                  | surroundings (Stealth+). [potion of mutation]
  8898 | D:9      | Gained mutation: You have a pair of small horns on your
                  | head. [potion of mutation]
  8898 | D:9      | Gained mutation: You have hidden genetic potential. [potion
                  | of mutation]
  8922 | D:10     | Entered Level 10 of the Dungeon
  9194 | D:10     | Reached skill level 10 in Long Blades
  9289 | D:10     | Found a staircase to the Lair.
  9450 | D:10     | Found a bloodstained altar of Trog.
 10076 | D:10     | Reached skill level 11 in Dodging
 10244 | D:10     | Found a staircase to the Orcish Mines.
 10713 | Lair:1   | Entered Level 1 of the Lair of Beasts
 11714 | Lair:2   | Reached skill level 10 in Throwing
 11989 | Lair:2   | Found a staircase to the Swamp.
 12286 | Lair:2   | You fall into a shaft and drop 1 floor!
 12771 | Lair:3   | Found a hazy altar of Hepliaklqana.
 12890 | Lair:2   | Identified the +5 chain mail "Oplul" {-Tele rElec Int+5}
 13063 | Lair:2   | Found a basalt altar of Yredelemnul.
 13166 | Lair:2   | HP: 6/135 [polar bear (11)]
 13170 | Lair:2   | Reached XP level 12. HP: 7/97 MP: 12/12
 13178 | Lair:2   | Gained mutation: You are partially covered in iridescent
                  | scales. (AC +2) [hidden potential]
 13608 | Lair:2   | Reached skill level 12 in Dodging
 13621 | Lair:2   | Reached skill level 10 in Fighting
 14464 | Lair:3   | Found a staircase to the Snake Pit.
 14780 | Lair:4   | Reached skill level 5 in Evocations
 15145 | Lair:4   | HP: 2/98 [elephant (13)]
 15458 | Lair:4   | Noticed a death yak
 15460 | Lair:4   | Noticed a death yak
 15804 | Lair:4   | Killed a death yak
 15937 | Lair:4   | Killed a death yak
 15938 | Lair:4   | Reached skill level 5 in Armour
 15938 | Lair:4   | Reached skill level 13 in Dodging
 16543 | Lair:5   | Entered Level 5 of the Lair of Beasts
 16543 | Lair:5   | Noticed Nessos
 16551 | Lair:5   | HP: 1/99 [Nessos/arrow (17)]
 16551 | Lair:5   | Shot with an arrow by Nessos

Illustrated notes

Levels and vault maps discovered:
D:1:      ebering_trefoil_twist, layout_basic, serial_shops, shop,
          minmay_misc_feat_tiny, nrook_campfire, minmay_gold_behind_fungi,
          minmay_split_cup_small
D:2:      layout_basic, minmay_unequal
D:3:      layout_loops_ring, minmay_crystal_room, minmay_starry_boxes,
          uniq_robin
D:4:      layout_basic, chequers_temple_overflow_minitemple,
          minmay_temple_entry_offerings, nicolae_shop_fire_sale
          [nicolae_sub_dead_trees], uniq_natasha
D:5:      layout_basic, serial_rivers, chequers_serial_rivers_micro_c,
          chequers_serial_rivers_micro_b, chequers_serial_rivers_large_a,
          chequers_serial_rivers_large_b
D:6:      cheibrodos_barr_body, layout_rooms, serial_glass, glass_columns_a,
          glass_columns_b, glass_columns_a, glass_columns_a, glass_columns_a,
          minmay_quadrilaterals
D:7:      layout_cave_pools, minivault_14
D:8:      layout_rooms, nicolae_uskayaw_murder_on_the_dancefloor,
          gammafunk_ghost_smash, minmay_manual_mares
D:9:      layout_gridville, grunt_temple_overflow_open, enter_bailey_3,
          minmay_ruffians, uniq_maurice
D:10:     layout_loops_cross, mainiacjoe_overflow_small_starburst,
          erik_lair_island, david_orc_4
Lair:1:   layout_roguey
Lair:2:   layout_chaotic_city, minmay_swamp_entry_eels, basic_altar
Lair:3:   layout_regular_city, minmay_snake_entry_guardpost_medium, basic_altar
Lair:4:   layout_gridlike, serial_rivers, chequers_serial_rivers_micro_d,
          chequers_serial_rivers_micro_a, chequers_serial_rivers_room_a,
          chequers_serial_rivers_small_a, chequers_serial_rivers_marsh,
          chequers_serial_rivers_marsh, grunt_megastairs_2
Lair:5:   minmay_lair_end_frog_pond, layout_layer_cave, slime_entry_1,
          uniq_nessos

Skill      XL: |  1  2  3  4  5  6  7  8  9 10 11 12 |
---------------+-------------------------------------+-----
Long Blades    | 4 5 6 7 8 9 11 12 | 12.2
Fighting       | 3 4 6 7 8 9 10 | 10.9
Throwing       | 3 4 5 7 9 10 12 | 12.5
Dodging        | 5 6 7 9 10 11 13 | 13.1
Armour         | 1 2 3 4 5 |  5.1
Evocations     | 2 3 4 5 |  5.5

Action                     |  1- 3 |  4- 6 |  7- 9 | 10-12 || total
---------------------------+-------+-------+-------+-------++-------
  Melee: Long sword        |   119 |   137 |   176 |       ||   432
         Punch             |     1 |       |       |       ||     1
         Falchion          |       |       |    65 |   810 ||   875
         Scimitar          |       |       |    58 |       ||    58
         Headbutt          |       |       |       |   208 ||   208
         Tailslap          |       |       |       |    22 ||    22
 Invoke: Potion Petition   |       |       |       |     1 ||     1
  Evoke: Phial of floods   |       |       |       |     1 ||     1
    Use: Scroll            |     5 |    10 |     6 |     7 ||    28
         Potion            |     1 |     6 |     1 |     5 ||    13
   Stab: Sleeping          |     2 |       |       |       ||     2
         Distracted        |       |       |       |     1 ||     1
 Armour: Leather armour    |    34 |    36 |     8 |       ||    78
         Ring mail         |       |       |    51 |   146 ||   197
         Skin              |       |       |       |     2 ||     2
  Dodge: Dodged            |    81 |   121 |   307 |   910 ||  1419

Table legend: (Time is in decaauts)
 A = Elapsed time spent in this place.
 B = Non-inter-level travel time spent in this place.
 C = Inter-level travel time spent in this place.
 D = Time resting spent in this place.
 E = Time spent auto-exploring this place.
 F = Levels seen in this place.
 G = Mean time per level.
                   A        B        C        D        E       F      G
               +--------+--------+--------+--------+--------+-----+--------+
         Total |  16396 |  15923 |    473 |    843 |  12668 |  15 | 1093.1 |
       Dungeon |  10701 |  10338 |    363 |    349 |   8305 |  10 | 1070.1 |
          Lair |   5694 |   5584 |    110 |    494 |   4362 |   5 | 1138.8 |
               +--------+--------+--------+--------+--------+-----+--------+

Top non-repeatable levels by time:
     D:9: 1788 daAuts
  Lair:2: 1744 daAuts
  Lair:4: 1721 daAuts
     D:6: 1538 daAuts
  Lair:3: 1257 daAuts
     D:4: 1160 daAuts
     D:5: 1127 daAuts
    D:10: 1080 daAuts
     D:8: 973 daAuts
  Lair:1: 964 daAuts
     D:3: 944 daAuts
     D:1: 800 daAuts
     D:2: 742 daAuts
     D:7: 545 daAuts
  Lair:5: 7 daAuts
